 Dungeon Crawl Stone Soup version 0.29-a0-284-gf9362112df (webtiles) character file.

Game seed: 9744281884155721772

263 garrulousMonolith the Chopper (level 6, -5/53 HPs)
             Began as a Hill Orc Fighter on Mar 23, 2022.
             Slain by Sigmund
             ... wielding a +0 scythe
              (6 damage)
             ... on level 2 of the Dungeon.
             The game lasted 00:03:45 (2649 turns).

garrulousMonolith the Chopper (Hill Orc Fighter)    Turns: 2649, Time: 00:03:46

Health: -5/53      AC:  7    Str: 19    XL:     6   Next: 19%
Magic:  7/7        EV:  8    Int: 10    God:
Gold:   67         SH:  8    Dex: 10    Spells: 5/5 levels left

rFire   . . .      SeeInvis .   a - +0 war axe
rCold   . . .      Faith    .   d - +0 kite shield
rNeg    . . .      Spirit   .   b - +0 scale mail
rPois   .          Reflect  .   (no helmet)
rElec   .          Harm     .   (no cloak)
rCorr   .          Rampage  .   (no gloves)
Will    .....                   (no boots)
Stlth   ..........              (no amulet)
HPRegen 0.17/turn               (no ring)
MPRegen 0.10/turn               (no ring)

@: brilliant, about to teleport, attractive
A: no striking features
a: no special abilities


You were on level 2 of the Dungeon.
You visited 1 branch of the dungeon, and saw 4 of its levels.

You collected 67 gold pieces.

Inventory:

Hand Weapons
 a - a +0 war axe (weapon)
 e - a +0 dagger of venom
 i - a +0 morningstar
Armour
 b - a +0 scale mail (worn)
 d - a +0 kite shield (worn)
Jewellery
 k - a ring of wizardry
Scrolls
 f - 3 scrolls of identify
 h - 2 scrolls of enchant armour
 j - a scroll of teleportation


   Skills:
 + Level 4.5 Fighting
 * Level 5.2 Axes
 + Level 4.0 Armour
 + Level 1.5 Dodging
 + Level 4.0 Shields
 + Level 2.5 Invocations


You had 5 spell levels left.
You didn't know any spells.
Your spell library was empty.

Dungeon Overview and Level Annotations

Branches:
Dungeon (4/15)
 Temple: D:4-7

Altars:
Ashenzari

Annotations:
D:2 Sigmund


Message History

You hear some strange, mumbled words.
Something tries to affect you, but you resist.
You miss something.
You hear some strange, mumbled words.
You are confused.
You hear some strange, mumbled words.
A puff of flame appears from out of thin air!
The puff of flame hits you!
* * * LOW HITPOINT WARNING * * *
Something hits you.
* * * LOW HITPOINT WARNING * * *
You completely miss something. Something hits you.
* * * LOW HITPOINT WARNING * * *
You closely miss something. You closely miss something. Something hits you.
* * * LOW HITPOINT WARNING * * *
You're too confused to move!
You feel less confused.
You hear some strange, mumbled words.
A puff of flame appears from out of thin air!
The puff of flame hits you.
* * * LOW HITPOINT WARNING * * *
You miss something. Something hits you.
* * * LOW HITPOINT WARNING * * *
As you read the scroll labelled KEZXEJ SYARGH, it crumbles to dust.
It is a scroll of identify.
h - 2 scrolls of enchant armour You block something's attack.
As you read the scroll labelled CITTIX XEVITT, it crumbles to dust.
You hear a loud clanging noise!
It was a scroll of noise.
You hear a shout! x2
Something hits you.
* * * LOW HITPOINT WARNING * * *
You aren't carrying any potions.
Unknown command.
As you read the scroll labelled GUSCHI DIUSAYX, it crumbles to dust.
You feel strangely unstable.
It was a scroll of teleportation.
Something hits you.
You die...

#. ..# #.. #.# .###.. #.#
########## ......####.#
#..)...... ........##.#
####.########
#.)##)####<#.#.##
#.#.#...##...###.#### #.
#....{......###...# #
#.#.@.##†<.###.##.#
#...........#.....#
#........#########.####.#
######.#># #.####.###
#.#.# #......... #.#..
######.### ....##
#######..## .. .. ..
....... #.. .. #. #.
#.#.##.


There were no monsters in sight!

Vanquished Creatures
  A scorpion (D:4)
  An iguana (D:4)
  Natasha (thrice) (D:3)
  4 adders (D:3)
  3 worms
  3 dart slugs
  2 orcs (D:3)
  5 ball pythons
  6 endoplasms
  2 giant cockroaches (D:2)
  4 goblins
  5 hobgoblins
  3 jackals
  3 kobolds
  2 quokkas
  5 frilled lizards
  A rat (D:3)
53 creatures vanquished.

Notes
Turn   | Place    | Note
-------+----------+-------------------------------------------
     0 | D:1      | garrulousMonolith the Hill Orc Fighter began the quest for
                  | the Orb.
     0 | D:1      | Reached XP level 1. HP: 19/19 MP: 1/1
     7 | D:1      | Noticed an elephant
    10 | D:1      | Noticed a death yak
   106 | D:1      | Reached skill level 3 in Axes
   355 | D:1      | Reached XP level 2. HP: 27/27 MP: 2/2
   632 | D:1      | Reached skill level 1 in Invocations
   786 | D:1      | Found a faded altar of an unknown god.
   867 | D:1      | Reached XP level 3. HP: 29/33 MP: 3/3
  1070 | D:2      | You fall into a shaft and drop 2 floors!
  1431 | D:4      | Noticed a scorpion
  1444 | D:4      | Killed a scorpion
  1445 | D:4      | Reached skill level 4 in Axes
  1445 | D:4      | Reached skill level 1 in Dodging
  1445 | D:4      | Reached XP level 4. HP: 20/40 MP: 3/5
  1611 | D:3      | Found a broken altar of Ashenzari.
  1677 | D:3      | Reached XP level 5. HP: 27/46 MP: 6/6
  1858 | D:3      | Noticed Natasha
  1912 | D:3      | Killed Natasha
  1927 | D:3      | Noticed Natasha
  1938 | D:3      | Killed Natasha
  1961 | D:3      | Noticed Natasha
  1987 | D:3      | Killed Natasha
  2289 | D:3      | Reached skill level 5 in Axes
  2289 | D:3      | Reached XP level 6. HP: 50/53 MP: 7/7
  2622 | D:2      | Noticed Sigmund
  2645 | D:2      | HP: 1/53 [something (3)]
  2649 | D:2      | Slain by Sigmund

Illustrated notes

Levels and vault maps discovered:
D:1:      sevenhm_arrival_forest_fort_small_2, layout_loops_corners,
          shapermc_ecumenical_altar_notcrosses
D:2:      layout_loops_ring, minmay_diced_spiral, uniq_sigmund
D:3:      layout_basic, mainiacjoe_overflow_alcove_4, ashenzari_altar_1,
          minmay_circle_x, uniq_natasha
D:4:      layout_layer_cave, zin_scriptorium, makhleb_altar_promises_db,
          goddamned_bats

Skill      XL: |  1  2  3  4  5  6 |
---------------+-------------------+-----
Axes           | 3 4 5 |  5.2
Invocations    | 1 2 |  2.5
Fighting       | 4 |  4.5
Dodging        | 1 |  1.5
Armour         | 4 |  4.0
Shields        | 4 |  4.0

Action                   |  1- 3 |  4- 6 || total
-------------------------+-------+-------++-------
Melee: War axe           |    56 |   101 ||   157
       Dagger            |    11 |    29 ||    40
  Use: Potion            |     2 |     4 ||     6
       Scroll            |       |     3 ||     3
Armor: Scale mail        |    25 |    48 ||    73
Dodge: Dodged            |    30 |    66 ||    96
Block: Buckler           |    16 |    13 ||    29
       Kite shield       |       |    10 ||    10

Table legend: (Time is in decaauts)
 A = Elapsed time spent in this place.
 B = Non-inter-level travel time spent in this place.
 C = Inter-level travel time spent in this place.
 D = Time resting spent in this place.
 E = Time spent auto-exploring this place.
 F = Levels seen in this place.
 G = Mean time per level.
                   A        B        C        D        E       F      G
               +--------+--------+--------+--------+--------+-----+--------+
         Total |   2706 |   2648 |     58 |    768 |   1368 |   4 |  676.5 |
       Dungeon |   2706 |   2648 |     58 |    768 |   1368 |   4 |  676.5 |
               +--------+--------+--------+--------+--------+-----+--------+

Top non-repeatable levels by time:
     D:1: 1059 daAuts
     D:3: 823 daAuts
     D:4: 541 daAuts
     D:2: 282 daAuts
